 Dungeon Crawl Stone Soup version 0.30-a0-137-gd8773701ce (webtiles) character file.

Game seed: 17366613997974274333

98 juncz the Magician (level 5, -4/40 HPs)
             Began as a Djinni Conjurer on Sept 22, 2022.
             Slain by a hobgoblin (5 damage)
             ... led by Robin
             ... on level 3 of the Dungeon.
             The game lasted 00:05:45 (2693 turns).

juncz the Magician (Djinni Conjurer)                Turns: 2693, Time: 00:05:45

Health: -4/40      AC:  3    Str:  6    XL:     5   Next: 0%
Gold:   89         EV: 12    Int: 21    God:
                   SH:  0    Dex: 12

rFire   + + +      SeeInvis .    d - staff of fire
rCold   x . .      Faith    .    (no shield)
rNeg    . . .      Spirit   .    a - +0 robe
rPois   ∞          Reflect  .    (no helmet)
rElec   .          Harm     .    j - +0 cloak
rCorr   .          Rampage  .    (no gloves)
Will    .....                    (boots unavailable)
Stlth   ++........               (no amulet)
HPRegen 0.13/turn                (no ring)
MPRegen 0.00/turn                (no ring)

@: flying
A: sickness immunity, fire resistance 2, cold vulnerability 1, float, innate
caster, HP casting, extra vitality 1
a: no special abilities


You were on level 3 of the Dungeon.
You visited 1 branch of the dungeon, and saw 3 of its levels.

You collected 89 gold pieces.

Inventory:

Armour
 a - a +0 robe (worn)
 j - a +0 cloak (worn)
Magical Staves
 d - a staff of fire (weapon)
Scrolls
 e - a scroll of immolation {unknown}
 f - a scroll of amnesia {unknown}
 g - 2 scrolls of enchant weapon
Potions
 b - 3 potions of brilliance {unknown}
 c - 2 potions of curing {unknown}
 h - a potion of degeneration {unknown}
 i - a potion of haste {unknown}


   Skills:
 + Level 2.8 Fighting
 - Level 2.1 Dodging
 - Level 1.5 Stealth
 + Level 4.0 Spellcasting


You couldn't memorise any spells.
You knew the following spells:

 Your Spells              Type           Power      Damage    Failure   Level
a - Magic Dart            Conj           84%        1d7       2%          1
b - Searing Ray           Conj           42%        2d6       3%          2
c - Dazzling Flash        Conj/Hex       42%        N/A       7%          3
d - Fulminant Prism       Conj/Hex       10%        3d9       22%         4
e - Iskenderun's Mystic   Conj/Tloc      21%        2d6       22%         4
f - Necrotise             Necr           84%        1d8       2%          1
g - Call Imp              Summ           21%        N/A       3%          2
Your spell library was empty.

Dungeon Overview and Level Annotations

Branches:
Dungeon (3/15)

Altars:

Shops:
D:1 [   D:3 (

Annotations:
D:3 Robin


Innate Abilities, Weirdness & Mutations

You are immune to sickness and miasma.
You are immune to poison.
Your flesh is very heat resistant. (rF++)
You are vulnerable to cold. (rC-)
You float through the air rather than walking.
You learn spells naturally, not from books.
Your magical power is your life essence.
You have superior vitality. (+4 MHP)


Message History

The hobgoblin is heavily wounded.
The hobgoblin misses you.
You hit the hobgoblin but do no damage.
The hobgoblin is heavily wounded.
The hobgoblin hits you but does no damage.
You closely miss the hobgoblin.
The hobgoblin is heavily wounded.
The hobgoblin barely misses you. The hobgoblin closely misses you.
You hit the hobgoblin.
You kill the hobgoblin!
You have reached level 5!
The power to cast Call Imp wells up from within.
Spell assigned to 'g'.
You barely miss the goblin. The goblin barely misses you.
You completely miss the goblin. The goblin barely misses you.
You hit the goblin but do no damage. The goblin barely misses you.
You hit the goblin but do no damage. The goblin hits you with a +0 club.
* * * LOW HITPOINT WARNING * * *
Robin throws the goblin at you! The hobgoblin hits you.
* * * LOW HITPOINT WARNING * * *
The goblin hits you with a +0 club.
* * * LOW HITPOINT WARNING * * *
You hit the hobgoblin but do no damage. The goblin barely misses you.
The hobgoblin hits you.
* * * LOW HITPOINT WARNING * * *
You closely miss the hobgoblin. The goblin misses you.
The hobgoblin closely misses you.
Robin roars a battlecry!
The goblins go into a battle-frenzy!
You barely miss the hobgoblin. The goblin hits you but does no damage.
The hobgoblin hits you but does no damage.
You closely miss the hobgoblin. The goblin barely misses you.
The hobgoblin misses you.
You hit the hobgoblin but do no damage.
You punch the hobgoblin, but do no damage.
The goblin hits you but does no damage. The hobgoblin barely misses you.
The goblin hits you with a +0 club.
* * * LOW HITPOINT WARNING * * *
The hobgoblin hits you.
You die...

#.## ># .## .. .#####
g# .#... ### .##
.#.### #.. g.# .....#
#.# g.# ##.#.#
#.####g.# ...#.#
#g##.g)g# ####.#
#@##.##.# ##.##
#g##.##.# ##...##
#g......# ##.....##
########.####
#.......####........#
#..........#.########
#............#
##.....#...###
##...######


You could see Robin, a hobgoblin (strong) and a goblin (strong).

Vanquished Creatures
  3 adders (D:2)
  2 worms (D:2)
  6 endoplasms
  A giant cockroach (D:1)
  12 goblins
  5 hobgoblins
  2 jackals (D:1)
  12 kobolds
  A quokka (D:2)
  3 ball pythons
  5 bats
  A frilled lizard (D:1)
  4 rats (D:1)
57 creatures vanquished.

Vanquished Creatures (collateral kills)
  A ball python (D:1)
  A goblin (D:1)
2 creatures vanquished.

Grand Total: 59 creatures vanquished

Notes
Turn   | Place    | Note
-------+----------+-------------------------------------------
     0 | D:1      | juncz the Djinni Conjurer began the quest for the Orb.
     0 | D:1      | juncz set off with the following spells memorised: Magic
                  | Dart, Searing Ray, Dazzling Flash, Fulminant Prism,
                  | Iskenderun's Mystic Blast.
     0 | D:1      | Reached XP level 1. HP: 15/15 MP: 0/0
     5 | D:1      | Found a faded altar of an unknown god.
    89 | D:1      | Reached skill level 1 in Fighting
    89 | D:1      | Reached XP level 2. HP: 14/22 MP: 0/0
   494 | D:1      | Found Vugaag's Armour Shop.
   653 | D:1      | Reached XP level 3. HP: 21/27 MP: 0/0
   653 | D:1      | Learned a level 1 spell: Necrotise
  1586 | D:2      | Reached XP level 4. HP: 30/33 MP: 0/0
  2187 | D:2      | Reached skill level 4 in Spellcasting
  2574 | D:3      | Found Ziwus's Weapon Shoppe.
  2656 | D:3      | Noticed Robin
  2685 | D:3      | Reached XP level 5. HP: 8/40 MP: 0/0
  2685 | D:3      | Learned a level 2 spell: Call Imp
  2693 | D:3      | HP: 1/40 [goblin/+0 club[Robin] (3)]
  2693 | D:3      | Slain by a hobgoblin

Illustrated notes

Levels and vault maps discovered:
D:1:      ebering_trefoil_twist, layout_basic, basic_ecumenical_altar,
          serial_shops, nicolae_shop_window_shopping, hex_tiny
D:2:      layout_loops_corners
D:3:      layout_loops_cross, zin_angel, serial_shops,
          nicolae_shop_bloodbath_and_beyond, minivault_4, uniq_robin,
          uniq_grinder

Skill      XL: |  1  2  3  4 |
---------------+-------------+-----
Fighting       | 1 2 |  2.8
Spellcasting   | 4 |  4.0
Dodging        | |  2.1
Stealth        | |  1.5

Action                   |  1- 3 |  4- 6 || total
-------------------------+-------+-------++-------
Melee: Staff             |       |    20 ||    20
       Punch             |       |     1 ||     1
 Cast: Magic Dart        |    41 |     9 ||    50
       Necrotise         |    31 |    40 ||    71
  Use: Scroll            |       |     1 ||     1
Armor: Robe              |     2 |     8 ||    10
Dodge: Dodged            |     8 |    23 ||    31

Table legend: (Time is in decaauts)
 A = Elapsed time spent in this place.
 B = Non-inter-level travel time spent in this place.
 C = Inter-level travel time spent in this place.
 D = Time resting spent in this place.
 E = Time spent auto-exploring this place.
 F = Levels seen in this place.
 G = Mean time per level.
                   A        B        C        D        E       F      G
               +--------+--------+--------+--------+--------+-----+--------+
         Total |   2695 |   2663 |     32 |      0 |   2397 |   3 |  898.3 |
       Dungeon |   2695 |   2663 |     32 |      0 |   2397 |   3 |  898.3 |
               +--------+--------+--------+--------+--------+-----+--------+

Top non-repeatable levels by time:
     D:1: 1281 daAuts
     D:2: 1221 daAuts
     D:3: 192 daAuts
